Map: Catalyst LE

Players

soO - Winner!

  • Race: Zerg Zerg
  • League: Master
  • Spawn Location: 11:00

DeMusliM

  • Race: Terran Terran
  • League: Master
  • Spawn Location: 5:00

Event: HomeStory Cup XVII

VOD

Have the link to the VOD?

Description

Time

  • Played on: June 29, 2018, 11:47 a.m.
  • Length: 2:17

All games in this series

Show
View Real Time Build Order
Export as new Build Order

soO Zerg - Winner!

Build Orders: Pool Only 

Get SALT Encoding   

  12  0:17  Spawning Pool  
  11  0:22  Drone  
  11  0:27  Drone  
  13  0:30  Drone  
  14  0:40  Extractor  
  14  0:41  Drone  
  14  0:46  Extractor  
  14  0:47  Drone  
  14  1:04  Roach Warren  
  14  1:05  Zergling x2  
  14  1:12  Overlord  
  14  1:25  Overlord  
  14  1:45  Roach x2  
  18  1:55  Roach  
  20  2:05  Ravager x2  
Show
View Real Time Build Order
Export as new Build Order

DeMusliM Terran 

Build Orders:  

Get SALT Encoding   

  12  0:00  SCV  
  13  0:12  SCV  
  14  0:19  Supply Depot  
  14  0:24  SCV  
  15  0:42  Barracks  
  15  0:54  Barracks  
  15  1:05  Barracks  
  15  1:09  SCV  
  16  1:29  Marine  
  16  1:30  Orbital Command  
  17  1:41  Marine  
  18  1:47  Supply Depot, Marine  
  18  1:52  Marine  
  20  1:59  Marine  
  21  2:07  Bunker  
Tags
 
Add a new tag
Caveats
  • Supply blocks, unpowered buildings, or Contaminate may cause inaccurate times.
  • Supply counts are checked every 10 seconds.